 Dungeon Crawl Stone Soup version 0.19.5 (webtiles) character file.

4326 JeffiDaFish the Blocker (level 10, 0/63 HPs)
             Began as a Gargoyle Fighter on Mar 28, 2017.
             Was a Believer of Trog.
             Slain by a yak (5 damage)
             ... on level 10 of the Dungeon.
             The game lasted 00:15:58 (7217 turns).

JeffiDaFish the Blocker (Gargoyle Fighter)          Turns: 7217, Time: 00:15:59

Health: 0/63       AC: 19    Str: 19 (21) XL:     10   Next: 33%
Magic:  3/3        EV:  5    Int:  7 (8)  God:    Trog [**....]
Gold:   451        SH: 15    Dex: 13 (16) Spells: 0 memorised, 9 levels left

rFire  . . .     SeeInvis .     n - +0 spear "Ewoasyed" {antimagic, Dex+4} (curse)
rCold  . . .     Gourm    .     q - +0 plate armour
rNeg   + . .     Faith    .     c - +0 shield
rPois  ∞         Spirit   .     (no helmet)
rElec  +         Reflect  +     z - +0 cloak (curse)
rCorr  .         Harm     .     (no gloves)
MR     +....                    (no boots)
Stlth  ..........               d - +3 amulet of reflection
                                m - ring of protection from magic
                                w - -3 ring of protection (curse)

@: no status effects
A: iridescent scales 1, negative energy resistance 1, electricity resistance,
unbreathing, petrification resistance, rot immunity, AC +7
a: Berserk, Trog's Hand, Burn Spellbooks, Renounce Religion


You were on level 10 of the Dungeon.
You worshipped Trog.
Trog was pleased with you.
You were not hungry.

You visited 2 branches of the dungeon, and saw 11 of its levels.

You collected 451 gold pieces.

Inventory:

Hand Weapons
 a - a +1 flail
 n - the cursed +0 spear "Ewoasyed" (weapon) {antimagic, Dex+4}
   (You found it on level 8 of the Dungeon)

   It reduces the magical energy of the wielder, and disrupts the spells and
   magical abilities of those hit.
   Natural abilities and divine invocations are not affected.
   It affects your dexterity (+4).
   It has a curse placed upon it.
 x - a +0 whip of venom
Armour
 c - a +0 shield (worn)
 q - a +0 plate armour (worn)
 z - a cursed +0 cloak (worn)
Jewellery
 d - a +3 amulet of reflection (around neck)
 m - a ring of protection from magic (right hand)
 v - an uncursed ring of positive energy
 w - a cursed -3 ring of protection (left hand)
Scrolls
 e - 9 scrolls of identify
 g - a scroll of magic mapping
 h - 3 scrolls of teleportation
 o - a scroll of recharging
 p - a scroll of blinking
 s - a scroll of enchant weapon
Potions
 b - 2 potions of flight
 u - a potion of curing
Comestibles
 f - 7 bread rations
 j - 3 meat rations
 k - 5 beef jerkies
 l - 9 fruits
 t - a slice of pizza


   Skills:
 + Level 7.3 Fighting
 + Level 9.3 Maces & Flails
 + Level 1.5 Polearms
 + Level 5.7 Armour
 + Level 1.4 Dodging
 + Level 1.2 Stealth
 + Level 9.8 Shields


You had 9 spell levels left.
You didn't know any spells.

Dungeon Overview and Level Annotations

Branches:
Dungeon (10/15)            Temple (1/1) D:5
   Lair: D:8-11         Orc: D:9-12

Altars:
Ashenzari
Cheibriados
Dithmenos
Elyvilon
Fedhas
Gozag
Hepliaklqana
Kikubaaqudgha
Makhleb
Nemelex Xobeh
Okawaru
Qazlal
Ru
Sif Muna
Trog
Uskayaw
Vehumet
Xom
Yredelemnul
Zin
The Shining One

Shops:
D:4 *   D:6 [   D:8 !   D:9 [

Annotations:
D:9 nel's ghost, journeyman HuVM


Innate Abilities, Weirdness & Mutations

You are resistant to torment.
Your stone body is resilient. (AC +7)
You are immune to poison.
You resist negative energy. (rN+)
You are resistant to electric shocks. (rElec)
You can survive without breathing.
You are immune to petrification.
You are immune to rotting.
You are partially covered in iridescent scales. (AC +2)


Message History

The bullfrog skeleton completely misses you.
You block the yak's attack. The yak gores you but does no damage.
You block the yak's attack. x2
The bullfrog skeleton hits you but does no damage.
You hit the yak but do no damage.
The yak is lightly wounded.
You block the yak's attack. x2; The yak gores you but does no damage.
The bullfrog skeleton hits you but does no damage.
The yak gores you but does no damage.
Unknown command.
Your plate armour prevents you from hitting the yak.
The yak is lightly wounded.
You block the bullfrog skeleton's attack.
The yak gores you but does no damage. x4
Unknown command.
You barely miss the yak.
The yak is lightly wounded.
You block the bullfrog skeleton's attack.
You block the yak's attack. The yak barely misses you. The yak gores you.
You die... .. ##.# )#.#### ..<... ....### oo.....

##Zo..##
#@YY...#
!.....YYY......
#.###.#Y.....##
#.##....## #
#.#... .#.###
.. # ##.


You could see 6 yaks, an orc warrior, 2 orcs and a bullfrog skeleton.

Vanquished Creatures
  Psyche (D:8)
  3 hippogriffs
  The ghost of NeverLocke the Poker, an amateur DrMo (D:4)
  A sky beast (D:6)
  An orc warrior (D:6)
  3 ice beasts
  A black bear (D:8)
  3 phantoms
  A crocodile (D:8)
  A centaur (D:7)
  7 bullfrogs
  A water moccasin zombie (D:5)
  5 scorpions
  6 killer bees (D:7)
  6 wights
  3 howler monkeys
  2 crimson imps
  A centaur zombie (D:8)
  A hound (D:6)
  2 gnoll shamans
  2 bullfrog zombies
  2 jellies
  An orc priest (D:6)
  6 orc wizards
  3 iguanas
  4 worker ants
  A hound zombie (D:6)
  A hound skeleton (D:7)
  A howler monkey zombie (D:6)
  2 worker ant zombies (D:6)
  A howler monkey skeleton (D:8)
  6 adders
  8 gnolls
  A shadow imp (D:7)
  3 adder skeletons
  3 worms
  A dart slug (D:4)
  5 leopard geckos
  17 orcs
  A ball python (D:1)
  10 bats
  3 giant cockroaches
  7 goblins
  9 hobgoblins
  3 jackals (D:1)
  A quokka (D:4)
  6 frilled lizards
  A giant cockroach zombie (D:5)
  A jackal skeleton (D:4)
  10 kobolds
  A quokka skeleton (D:4)
  A quokka zombie (D:5)
  14 rats
186 creatures vanquished.

Vanquished Creatures (others)
  An orc (D:6)
1 creature vanquished.

Grand Total: 187 creatures vanquished

Notes
Turn   | Place    | Note
-------+----------+-------------------------------------------
     0 | D:1      | JeffiDaFish the Gargoyle Fighter began the quest for the Orb.
     0 | D:1      | Reached XP level 1. HP: 14/14 MP: 1/1
    32 | D:1      | Reached XP level 2. HP: 12/19 MP: 2/2
   318 | D:1      | Reached XP level 3. HP: 19/23 MP: 3/3
   755 | D:2      | Found a faded altar of an unknown god.
   981 | D:2      | Gained mutation: You possess an exceptional clarity of mind. [potion of mutation]
   981 | D:2      | Gained mutation: You are partially covered in iridescent scales. (AC +2) [potion of mutation]
   981 | D:2      | Lost mutation: You possess an exceptional clarity of mind. [potion of mutation]
  1263 | D:2      | Reached XP level 4. HP: 29/29 MP: 4/4
  2061 | D:3      | Found a blossoming altar of Fedhas.
  2128 | D:3      | Found a shattered altar of Ashenzari.
  2130 | D:3      | Found a burning altar of Makhleb.
  2469 | D:4      | Noticed NeverLocke's ghost (amateur DrMo)
  2535 | D:4      | Reached XP level 5. HP: 26/33 MP: 5/5
  2600 | D:4      | Killed NeverLocke's ghost
  2600 | D:4      | Reached XP level 6. HP: 30/38 MP: 6/6
  2672 | D:4      | Reached skill level 5 in Shields
  2744 | D:4      | Found Zin's Purification Station.
  2745 | D:4      | Found a glowing silver altar of Zin.
  2943 | D:5      | Entered Level 5 of the Dungeon
  3168 | D:5      | Found a staircase to the Ecumenical Temple.
  3179 | Temple   | Entered the Ecumenical Temple
  3308 | Temple   | Became a worshipper of Trog the Wrathful
  3340 | D:5      | Reached XP level 7. HP: 35/44 MP: 7/7
  3455 | D:5      | Reached skill level 1 in Stealth
  3559 | D:5      | Reached skill level 5 in Maces & Flails
  3671 | D:5      | Found a shimmering altar of Xom.
  3872 | D:6      | Reached skill level 5 in Fighting
  3959 | D:6      | Reached XP level 8. HP: 34/49 MP: 8/8
  3981 | D:6      | Reached skill level 1 in Dodging
  4306 | D:6      | Reached * piety under Trog
  4572 | D:6      | Found Jauqiupn's Armour Shop.
  4579 | D:6      | Noticed a hippogriff
  4598 | D:6      | Killed a hippogriff
  4598 | D:6      | Reached skill level 5 in Armour
  4598 | D:6      | Reached XP level 9. HP: 35/55 MP: 9/9
  4951 | D:7      | Found an opulent altar of Gozag.
  5331 | D:7      | Found a radiant altar of Vehumet.
  5425 | D:8      | Noticed Psyche
  5434 | D:8      | Killed Psyche
  5461 | D:8      | Found a hide-covered altar of Uskayaw.
  5470 | D:8      | Reached ** piety under Trog
  5596 | D:8      | Reached XP level 10. HP: 61/61 MP: 10/10
  5727 | D:8      | Found an iron altar of Okawaru.
  5741 | D:8      | Got an ebony spear
  5742 | D:8      | Identified the cursed +0 spear "Ewoasyed" {antimagic, Dex+4} (You found it on level 8 of the Dungeon)
  5757 | D:8      | Found an opulent altar of Gozag.
  5875 | D:8      | Found Xafamp's Distillery.
  5951 | D:8      | Reached skill level 1 in Polearms
  5960 | D:8      | Found a white marble altar of Elyvilon.
  6311 | D:9      | Found Quodocoe's Antique Armour Emporium.
  6311 | D:9      | Noticed nel's ghost (journeyman HuVM)
  7198 | D:10     | Entered Level 10 of the Dungeon
  7217 | D:10     | Slain by a yak

Skill      XL: |  1  2  3  4  5  6  7  8  9 10 |
---------------+-------------------------------+-----
Shields        | 4 5 6 7 9 |  9.8
Fighting       | 4 5 6 7 |  7.3
Maces & Flails | 3 4 5 7 8 9 |  9.3
Armour         | 4 5 |  5.7
Stealth        | 1 |  1.2
Dodging        | 1 |  1.4
Polearms       | 1 |  1.5

Action                   |  1- 3 |  4- 6 |  7- 9 | 10-12 || total
-------------------------+-------+-------+-------+-------++-------
Melee: Flail             |   119 |   219 |   489 |    41 ||   868
       Spear             |       |       |       |   393 ||   393
  Use: Scroll            |     7 |     3 |     3 |     2 ||    15
       Potion            |     6 |     3 |     1 |     4 ||    14
  Eat: Chunk             |     1 |     7 |     9 |     6 ||    23
Armor: Scale mail        |    75 |    89 |       |       ||   164
       Chain mail        |       |    25 |    28 |       ||    53
       Plate armour      |       |       |   274 |   203 ||   477
Dodge: Dodged            |    50 |    57 |    89 |    59 ||   255
Block: Shield            |    76 |   137 |   378 |   295 ||   886
       Reflection        |       |       |     5 |     5 ||    10
